 Dungeon Crawl Stone Soup version 0.24.0-13-gcf9b3192b9 (webtiles) character file.

Game seed: 181418890723658335, levelgen mode: deterministic

133 Gumption the Conjurer (level 5, -10/31 HPs)
             Began as an Octopode Conjurer on Nov 6, 2019.
             Killed by divine providence
             ... invoked by an orc priest
              (13 damage)
             ... on level 3 of the Dungeon.
             The game lasted 00:25:40 (3729 turns).

Gumption the Conjurer (Octopode Conjurer)           Turns: 3729, Time: 00:25:40

Health: -10/31     AC:  1    Str:  8    XL:     5   Next: 16%
Magic:  7/10       EV: 14    Int: 18    God:
Gold:   154        SH:  0    Dex: 12    Spells: 0/10 levels left

rFire    . . .     SeeInvis .   a - +0 dagger
rCold    . . .     Gourm    .   (no shield)
rNeg     . . .     Faith    .   (helmet restricted)
rPois    .         Spirit   .   (no amulet)
rElec    .         Reflect  .   (no ring)
rCorr    .         Harm     .   (no ring)
MR       .....                  (no ring)
Stlth    +++.......             (no ring)
HPRegen  0.10/turn              (no ring)
MPRegen  0.12/turn              (no ring)
                                (no ring)
                                (no ring)

@: very slightly contaminated
A: almost no armour, stealthy swim, amphibious, 8 rings, constrict 8, camouflage
1, gelatinous body 1
a: no special abilities


You were on level 3 of the Dungeon.
You were hungry.

You visited 1 branch of the dungeon, and saw 3 of its levels.

You collected 154 gold pieces.

Inventory:

Hand Weapons
 a - a +0 dagger (weapon)
Missiles
 n - a throwing net
 o - 110 stones (quivered)
Armour
 f - a +0 shield
Scrolls
 b - 2 scrolls of amnesia {unknown}
 c - a scroll of remove curse
 d - 2 scrolls of noise {unknown}
 g - a scroll of fear {unknown}
 h - a scroll of blinking {unknown}
 i - a scroll of fog {unknown}
Potions
 j - a potion of agility
 k - a potion of haste
 l - a potion of curing {unknown}
 m - a potion of resistance {unknown}
Comestibles
 e - 6 rations


   Skills:
 + Level 2.8 Dodging
 + Level 4.0 Stealth
 * Level 3.4 Spellcasting
 + Level 4.5 Conjurations


You couldn't memorise any spells.
You knew the following spells:

 Your Spells              Type           Power        Failure   Level  Hunger
a - Magic Dart            Conj           ###.         2%          1    None
b - Searing Ray           Conj           ###...       3%          2    ##.....
c - Dazzling Spray        Conj/Hex       ##....       19%         3    ###....
d - Iskenderun's Mystic   Conj           ###.....     24%         4    ####...

Your spell library contained the following spells:

 Spells                   Type           Power        Failure   Level  Hunger
 Force Lance              Conj/Tloc      ##......     52%         4    ####...
 Fulminant Prism          Conj/Hex       ##........   52%         4    ####...


Dungeon Overview and Level Annotations

Branches:
Dungeon (3/15)

Altars:

Annotations:
D:3 1 runed translucent door, Descartes's ghost, amateur TeAE


Innate Abilities, Weirdness & Mutations

You cannot wear most types of armour.
You are very stealthy in the water. (Stealth+)
You are amphibious.
You can wear up to eight rings at the same time.
You can use your tentacles to constrict eight enemies at once.
Your skin changes colour to match your surroundings (Stealth+).
Your rubbery body absorbs attacks. (AC +1, EV +1)


Message History

Casting: Magic Dart (safe; 2% risk of failure)
Confirm with . or Enter, or press ? or * to list all spells.
Aiming: Magic Dart (safe; 2% risk of failure)
Press: ? - help, Shift-Dir - straight line, f - orc
Aim: an orc, wielding a +0 hand axe and wearing a +0 leather armour The magic dart hits the orc.
The orc is moderately wounded.
The orc priest hits you with a +0 dagger.
* * * LOW HITPOINT WARNING * * *
The orc misses you.
Casting: Magic Dart (safe; 2% risk of failure)
Confirm with . or Enter, or press ? or * to list all spells.
Aiming: Magic Dart (safe; 2% risk of failure)
Press: ? - help, Shift-Dir - straight line, f/p - orc
Aim: an orc, wielding a +0 hand axe and wearing a +0 leather armour (moderately wounded)
The magic dart hits the orc.
The orc is severely wounded.
The orc priest invokes the aid of Beogh against you.
Beogh smites you!
You die...

######### #......<# #####
#...>...# #...# #.......# #...#
#.......###...# #........##...#
#....o........######
#....@o.#.#........###
################.##.#...####....
.?.......##..o..........# #####
.........#....o.........# ##.
.......(................######..
............o...................
................)........######..
"...#....................# ##.
#...........)..........# ##


You could see an orc priest and an orc.

Vanquished Creatures
  5 adders (D:3)
  An ooze (D:1)
  2 worms (D:3)
  4 dart slugs
  3 leopard geckos
  2 orcs (D:3)
  9 bats
  5 giant cockroaches
  5 goblins
  7 hobgoblins
  4 jackals (D:1)
  6 kobolds
  4 frilled lizards
  7 rats
64 creatures vanquished.

Notes
Turn   | Place    | Note
-------+----------+-------------------------------------------
     0 | D:1      | Gumption the Octopode Conjurer began the quest for the Orb.
     0 | D:1      | Reached XP level 1. HP: 11/11 MP: 3/3
   325 | D:1      | Reached XP level 2. HP: 8/17 MP: 1/5
   570 | D:1      | Learned a level 2 spell: Searing Ray
  1089 | D:1      | Reached XP level 3. HP: 18/21 MP: 1/6
  1094 | D:1      | Learned a level 3 spell: Dazzling Spray
  2367 | D:2      | Reached XP level 4. HP: 20/27 MP: 8/8
  2908 | D:3      | Found a runed translucent door.
  2909 | D:3      | Noticed Descartes's ghost (amateur TeAE)
  3379 | D:3      | Reached XP level 5. HP: 21/31 MP: 3/9
  3659 | D:3      | Learned a level 4 spell: Iskenderun's Mystic Blast
  3729 | D:3      | Killed from afar by an orc priest

Levels and vault maps discovered:
D:1:      mainiacjoe_arrival_reflecting_pool, layout_basic
D:2:      layout_rooms, first_ration
D:3:      layout_rooms, gammafunk_ghost_grave

Skill      XL: |  1  2  3  4  5 |
---------------+----------------+-----
Stealth        | 3 4 |  4.0
Spellcasting   | 3 |  3.4
Dodging        | |  2.8
Conjurations   | |  4.5

Action                   |  1- 3 |  4- 6 || total
-------------------------+-------+-------++-------
Melee: Unarmed           |    55 |       ||    55
       Tentacles         |    13 |     2 ||    15
       Constrict         |    13 |     6 ||    19
       Dagger            |     4 |    24 ||    28
 Cast: Magic Dart        |    57 |    56 ||   113
  Use: Scroll            |     1 |     3 ||     4
 Stab: Sleeping          |     1 |     1 ||     2
       Distracted        |     1 |       ||     1
  Eat: Chunk             |     4 |     4 ||     8
Armor: Skin              |     9 |     1 ||    10
Dodge: Dodged            |    40 |    17 ||    57
